 Dungeon Crawl Stone Soup version 0.27-a0-46-g34d46f0a3f (webtiles) character file.

Game seed: 6007511115590405478

1519 Borgoz the Ruffian (level 8, -8/71 HPs)
             Began as a Ghoul Gladiator on Jan 6, 2021.
             Mangled by a wyvern zombie (9 damage)
             ... in an ossuary.
             The game lasted 00:08:46 (7503 turns).

Borgoz the Ruffian (Ghoul Gladiator)                Turns: 7503, Time: 00:08:47

Health: -8/71      AC:  4    Str: 18    XL:     8   Next: 84%
Magic:  10/10      EV: 14    Int:  3    God:
Gold:   418        SH:  0    Dex: 12    Spells: 9/12 levels left

rFire    . . .     SeeInvis .     - Unarmed
rCold    + + .     Faith    .   (no shield)
rNeg     + + +     Spirit   .   a - +0 leather armour
rPois    ∞         Reflect  .   b - +0 helmet
rElec    .         Harm     .   (no cloak)
rCorr    .         Rampage  .   (no gloves)
Will     +....                  (no boots)
Stlth    +.........             (no amulet)
HPRegen  0.00/turn              k - ring of protection from cold
MPRegen  0.12/turn              m - ring of willpower

@: very slightly contaminated, invisible
A: claws 1, cold resistance 1, negative energy resistance 3, inhibited
regeneration, torment resistance, unbreathing
a: no special abilities


You were in an ossuary.
You visited 1 branch of the dungeon, and saw 7 of its levels.
You also visited: Sewer and Ossuary.

You collected 418 gold pieces.

Inventory:

Armour
 a - a +0 leather armour (worn)
 b - a +0 helmet (worn)
Jewellery
 k - a ring of protection from cold (left claw)
 m - a ring of willpower (right claw)
 q - an uncursed ring of protection from cold
Wands
 f - a wand of iceblast (10)
Scrolls
 c - a scroll of enchant weapon
 d - a scroll of blinking
 g - a scroll of teleportation
 h - a scroll of identify
 j - a scroll of remove curse
Potions
 i - 2 potions of flight
 n - 2 potions of brilliance


   Skills:
 + Level 6.4 Fighting
 - Level 1.7 Throwing
 + Level 5.6 Dodging
 + Level 6.9 Unarmed Combat
 + Level 2.5 Spellcasting
 + Level 2.5 Hexes


You had 9 spell levels left.
You knew the following spells:

 Your Spells              Type           Power        Failure   Level
a - Confusing Touch       Hex            1%           52%         3

Your spell library contained the following spells:

 Spells                   Type           Power        Failure   Level
 Corona                   Hex            1%           21%         1
 Animate Skeleton         Necr           0%           50%         1
 Apportation              Tloc           0%           50%         1
 Summon Small Mammal      Summ           0%           50%         1
 Gell's Gravitas          Tloc           0%           86%         3
 Petrify                  Tmut/Erth      0%           99%         4
 Metabolic Englaciation   Hex/Ice        0%           100%        5
 Yara's Violent Unravell  Hex/Tmut       0%           100%        5


Dungeon Overview and Level Annotations

Branches:
Dungeon (7/15)              Sewer (visited)         Ossuary (1/1)
 Temple: D:4-7

Altars:
Cheibriados
Makhleb
Nemelex Xobeh


Innate Abilities, Weirdness & Mutations

You thrive by killing the living.
You are immune to poison.
You have sharp fingernails.
Your flesh is cold resistant. (rC+)
You are immune to negative energy. (rN+++)
You do not regenerate when monsters are visible.
You are immune to unholy pain and torment.
You can survive without breathing.


Message History

* * * LOW HITPOINT WARNING * * *
You claw the mummy!
You destroy the mummy!
You scratch the wyvern zombie but do no damage.
The wyvern zombie is heavily damaged.
The wyvern zombie misses you.
You scratch the wyvern zombie but do no damage.
The wyvern zombie is heavily damaged.
The wyvern zombie bites you!
* * * LOW HITPOINT WARNING * * *
Okay, then.
Okay, then.
You scratch the wyvern zombie but do no damage.
The wyvern zombie is heavily damaged.
The wyvern zombie closely misses you.
The wyvern zombie bites you but does no damage.
You scratch the wyvern zombie.
The wyvern zombie is heavily damaged.
The wyvern zombie bites you!
You die...

#### ####.#. #
#≈≈≈.≈≈#+#'#'#'
≈≈...≈≈Z.......
##Z## #.@.#
#.∩.# #..∩#
#####


You could see a water moccasin zombie and a wyvern zombie.

Vanquished Creatures
  A water moccasin (Sewer)
  An ice beast (D:6)
  An orc warrior (D:5)
  A phantom (D:6)
  An ogre (D:7)
  2 centaurs
  2 scorpions (D:4)
  5 wights (D:6)
  A bullfrog zombie (Ossuary)
  A hound (D:6)
  2 orc priests
  2 orc wizards
  A bullfrog skeleton (D:7)
  2 iguanas
  2 worker ants (D:4)
  A howler monkey zombie (D:6)
  3 mummies (Ossuary)
  8 adders
  A shadow imp (D:6)
  2 oozes
  2 adder zombies
  2 worms
  2 dart slugs (D:1)
  3 leopard geckos
  10 orcs
  6 giant cockroaches
  15 hobgoblins
  12 jackals
  2 quokkas (D:3)
  3 ball pythons
  14 bats
  9 frilled lizards
  9 goblins
  9 kobolds
  A quokka skeleton (D:5)
  6 rats
145 creatures vanquished.

Vanquished Creatures (others)
  3 withered plants (Ossuary)
3 creatures vanquished.

Grand Total: 148 creatures vanquished

Notes
Turn   | Place    | Note
-------+----------+-------------------------------------------
     0 | D:1      | Borgoz the Ghoul Gladiator began the quest for the Orb.
     0 | D:1      | Reached XP level 1. HP: 17/17 MP: 0/0
   254 | D:1      | Reached XP level 2. HP: 12/25 MP: 1/1
   580 | D:1      | Reached XP level 3. HP: 30/30 MP: 2/2
  1422 | D:2      | Reached XP level 4. HP: 31/38 MP: 3/3
  2635 | D:3      | Reached XP level 5. HP: 44/45 MP: 4/4
  3934 | D:4      | Reached XP level 6. HP: 50/52 MP: 5/5
  3943 | D:4      | Reached skill level 5 in Unarmed Combat
  4250 | D:5      | Entered Level 5 of the Dungeon
  4289 | D:5      | Found a glowing drain.
  4312 | Sewer    | Entered a sewer
  4348 | Sewer    | Noticed a water moccasin
  4364 | Sewer    | Killed a water moccasin
  4365 | Sewer    | Reached XP level 7. HP: 51/60 MP: 6/6
  4619 | D:5      | Reached skill level 5 in Fighting
  5005 | D:6      | Learned a level 3 spell: Confusing Touch
  5351 | D:6      | Reached skill level 1 in Hexes
  5405 | D:6      | Reached skill level 1 in Spellcasting
  5410 | D:6      | Reached skill level 5 in Dodging
  5428 | D:6      | Reached XP level 8. HP: 30/70 MP: 7/9
  5719 | D:6      | Found a snail-covered altar of Cheibriados.
  7027 | D:6      | Found a sparkling altar of Nemelex Xobeh.
  7080 | D:6      | Found a burning altar of Makhleb.
  7432 | D:7      | Found a sand-covered staircase.
  7454 | Ossuary  | Entered an ossuary
  7501 | Ossuary  | HP: 1/71 [wyvern zombie (14)]
  7503 | Ossuary  | Mangled by a wyvern zombie

Illustrated notes

Levels and vault maps discovered:
D:1:      heliophobic_arrival_enchanted_forest, layout_loops_ring,
          supply_closet_lemuel, hangedman_abyss_or_decor_stabs,
          minmay_pentomino_x4
D:2:      layout_basic
D:3:      layout_loops_ring, minmay_fractal_squares_gapless_5
D:4:      layout_loops_ring, kennysheep_potato
D:5:      layout_loops_ring, portal_sewer_entry_b
D:6:      layout_loops_ring, nicolae_overflow_crystal_walls,
          gammafunk_temple_overflow_pools, grunt_decor_cap
D:7:      layout_basic, minmay_temple_entry_nine_rooms, enter_ossuary_1
Ossuary:  ossuary_zaba_flooded

Skill      XL: |  1  2  3  4  5  6  7  8 |
---------------+-------------------------+-----
Dodging        | 3 4 5 |  5.6
Fighting       | 3 4 5 6 |  6.4
Unarmed Combat | 4 5 6 |  6.9
Hexes          | 1 2 |  2.5
Spellcasting   | 1 2 |  2.5
Throwing       | |  1.7

Action                   |  1- 3 |  4- 6 |  7- 9 || total
-------------------------+-------+-------+-------++-------
Melee: Unarmed           |   133 |   224 |   232 ||   589
       Punch             |     1 |     3 |     7 ||    11
Throw: Throwing net      |       |     2 |     2 ||     4
 Cast: Confusing Touch   |       |       |     1 ||     1
  Use: Scroll            |     1 |     7 |    10 ||    18
       Potion            |       |     6 |     4 ||    10
 Stab: Sleeping          |       |     3 |       ||     3
       Distracted        |       |       |     1 ||     1
       Invisible         |       |       |     1 ||     1
Armor: Leather armour    |    41 |    64 |    39 ||   144
Dodge: Dodged            |    83 |   157 |   125 ||   365

Table legend: (Time is in decaauts)
 A = Elapsed time spent in this place.
 B = Non-inter-level travel time spent in this place.
 C = Inter-level travel time spent in this place.
 D = Time resting spent in this place.
 E = Time spent auto-exploring this place.
 F = Levels seen in this place.
 G = Mean time per level.
                   A        B        C        D        E       F      G
               +--------+--------+--------+--------+--------+-----+--------+
         Total |   7434 |   7286 |    148 |   1649 |   4436 |   9 |  826.0 |
       Dungeon |   7277 |   7129 |    148 |   1649 |   4372 |   7 | 1039.6 |
         Sewer |    111 |    111 |      0 |      0 |     45 |   1 |  111.0 |
       Ossuary |     46 |     46 |      0 |      0 |     19 |   1 |   46.0 |
               +--------+--------+--------+--------+--------+-----+--------+

Top non-repeatable levels by time:
     D:2: 1495 daAuts
     D:4: 1424 daAuts
     D:6: 1405 daAuts
     D:5: 1074 daAuts
     D:1: 949 daAuts
     D:3: 772 daAuts
     D:7: 156 daAuts
   Sewer: 111 daAuts
 Ossuary: 46 daAuts
